 Dungeon Crawl Stone Soup version 0.30-a0-782-ge64f9170bb (webtiles) character file.

Game seed: 18267335747248806661

4048 senseless the Grappler (level 10, 0/100 HPs)
             Began as a Troll Berserker on Mar 10, 2023.
             Was an Elder of Trog.
             Slain by a hornet (8 damage)
             ... while paralysed by a hornet
             ... on level 8 of the Dungeon.
             The game lasted 00:19:30 (6082 turns).

senseless the Grappler (Troll Berserker)            Turns: 6082, Time: 00:19:31

Health: 0/100      AC:  9    Str: 27    XL:     10   Next: 4%
Magic:  9/9        EV:  1    Int:  5    God:    Trog [****..]
Gold:   599        SH:  0    Dex: 17    Spells: 9/9 levels left

rFire   . . .      SeeInvis .      - Unarmed
rCold   . . .      Faith    .    (no shield)
rNeg    . . .      Spirit   .    w - +1 steam dragon scales
rPois   .          Reflect  .    (helmet restricted)
rElec   .          Harm     .    D - +0 cloak
rCorr   .          Rampage  .    (gloves unavailable)
Will    .....                    (boots unavailable)
Stlth   ++                       (no amulet)
HPRegen 1.16/turn                x - +6 ring of dexterity
MPRegen 0.11/turn                r - +5 ring of evasion

@: paralysed, lethally poisoned (0 -> -1), slowed
A: large, unfitting armour, claws 3, regeneration 1, shaggy fur 1, tough skin 1
a: Renounce Religion, Berserk, Trog's Hand, Brothers in Arms


You were on level 8 of the Dungeon.
You worshipped Trog.
Trog was greatly pleased with you.
You visited 1 branch of the dungeon, and saw 8 of its levels.

You collected 599 gold pieces.

Inventory:

Hand Weapons
 k - a +0 antimagic halberd
 v - a +3 long sword of flaming
 y - a +5 halberd of freezing
 B - a +4 quarterstaff of chaos
Missiles
 g - 5 poisoned darts
 h - a boomerang of dispersal
 i - 5 javelins (quivered)
 u - 4 boomerangs
 z - 7 silver boomerangs
Armour
 a - a +1 animal skin
 s - an orb of mayhem
 w - +1 steam dragon scales (worn)
 D - a +0 cloak (worn)
Jewellery
 f - a ring of willpower
 r - a +5 ring of evasion (right claw)
 x - a +6 ring of dexterity (left claw)
Wands
 e - a wand of flame (29)
 o - a wand of mindburst (5)
Scrolls
 d - a scroll of teleportation
 t - a scroll of fog
 C - a scroll of blinking
Potions
 b - 3 potions of invisibility
 c - 2 potions of lignification
 j - 4 potions of attraction
 l - 4 potions of curing
 m - a potion of haste {unknown}
 n - 4 potions of flight
 p - 4 potions of heal wounds
 q - a potion of brilliance {unknown}
 A - a potion of might {unknown}


   Skills:
 * Level 6.9 Fighting
 + Level 4.7 Throwing
 * Level 7.1 Dodging
 * Level 8.3 Unarmed Combat


You had 9 spell levels left.
You didn't know any spells.
Your spell library contained the following spells:

 Spells                   Type           Power      Damage    Failure   Level
 Lesser Beckoning         Tloc           0%         N/A       63%         2
 Call Canine Familiar     Summ           0%         N/A       85%         3
 Gell's Gravitas          Tloc           0%         N/A       85%         3
 Ignite Poison            Fire/Tmut/Pois 0%         N/A       85%         3
 Kindle Blastsparks       Fire/Tloc/Air  0%         2d10      85%         3
 Portal Projectile        Hex/Tloc       0%         N/A       85%         3
 Teleport Other           Tloc           0%         N/A       85%         3
 Leda's Liquefaction      Hex/Erth       0%         N/A       99%         4
 Freezing Cloud           Conj/Ice/Air   0%         6-21      100%        5


Dungeon Overview and Level Annotations

Branches:
Dungeon (8/15)             Temple (0/1) D:5
   Lair: D:8-11

Altars:
Cheibriados
Elyvilon
Hepliaklqana
Ru
Sif Muna
Uskayaw

Shops:
D:1 ?   D:7 (

Annotations:
D:6 2 transporters


Innate Abilities, Weirdness & Mutations

You are too large for most types of armour.
You have claws for hands.
Your natural rate of healing is unusually fast.
You are covered in fur. (AC +1)
You have tough skin. (AC +1)


Message History

You feel sick. The hornet stings you.
You are more poisoned.
You feel as though you will be slow longer.
The hornet closely misses you. The hornet completely misses you.
You are too injured to fight recklessly!
You are too injured to fight recklessly!
You are too injured to fight recklessly!
You are too injured to fight recklessly!
You are too injured to fight recklessly!
You are too injured to fight recklessly!
You are too injured to fight recklessly!
You are too injured to fight recklessly!
You barely miss the hornet.
The hornet is lightly wounded.
You feel very sick. The hornet barely misses you. The hornet stings you.
You feel as though you will be slow longer.
You mangle the hornet!!
The hornet is severely wounded.
You feel very sick. The hornet stings you.
You feel as though you will be slow longer.
The hornet stings you!
* * * LOW HITPOINT WARNING * * *
You feel as though you will be slow longer.
You scratch the hornet but do no damage.
The hornet is severely wounded.
You feel sick. The hornet stings you!
* * * LOW HITPOINT WARNING * * *
You are lethally poisoned!
You feel as though you will be slow longer.
You feel better. The hornet stings you.
* * * LOW HITPOINT WARNING * * *
You are poisoned.
You feel as though you will be slow longer.
The hornet completely misses you. The hornet stings you.
* * * LOW HITPOINT WARNING * * *
You suddenly lose the ability to move!
You feel sick. The hornet stings you!
You die...

######### .. ####
.#. .......# #..
#... #...##.....#
.... ....
#.........# #..#
.### #y@...# #...#
#
#.....##.(..##.####
#.....#.....##..##.
#.......# #........
#######.## #......#
##...####....##
#......##...###
.....##.........#.
.....# ##..........


You could see a hornet.

Vanquished Creatures
  Maggie (D:6)
  Grinder (D:4)
  Prince Ribbit (D:8)
  A hornet (D:7)
  3 yaks (D:8)
  2 water moccasins
  An orc warrior (D:8)
  2 black bears
  2 centaurs
  A kobold brigand (D:6)
  4 bullfrogs
  4 scorpions
  3 wights (D:6)
  3 jellies
  2 howler monkeys
  4 hounds
  Crazy Yiuf (D:7)
  7 orc priests
  4 iguanas
  4 orc wizards
  6 gnolls
  9 adders
  2 shadow imps
  An ufetubus (D:6)
  A worm (D:3)
  2 dart slugs
  21 orcs
  4 ball pythons
  6 bats
  9 endoplasms
  A giant cockroach (D:4)
  9 goblins
  6 hobgoblins
  5 kobolds
  2 frilled lizards
  2 rats (D:3)
137 creatures vanquished.

Vanquished Creatures (collateral kills)
  3 yaks (D:8)
  A wight (D:6)
  An orc wizard (D:8)
  2 orcs
7 creatures vanquished.

Vanquished Creatures (others)
  An orc priest (D:8)
  An orc (D:6)
  3 fungi (D:7)
5 creatures vanquished.

Grand Total: 149 creatures vanquished

Notes
Turn   | Place    | Note
-------+----------+-------------------------------------------
     0 | D:1      | senseless the Troll Berserker began the quest for the Orb.
     0 | D:1      | Reached XP level 1. HP: 22/22 MP: 0/0
    81 | D:1      | Reached XP level 2. HP: 29/29 MP: 1/1
   124 | D:1      | Found The Oracle's Delphic Readings.
   450 | D:2      | Reached XP level 3. HP: 35/36 MP: 2/2
   639 | D:2      | Found a sacrificial altar of Ru.
  1050 | D:3      | Identified the +5 chain mail "Otuces" {rPois Will- Str+2}
  1083 | D:3      | Reached ** piety under Trog
  1241 | D:3      | Found a white marble altar of Elyvilon.
  1267 | D:3      | Found a shimmering blue altar of Sif Muna.
  1730 | D:4      | Noticed Grinder
  1735 | D:4      | Killed Grinder
  1736 | D:4      | Reached skill level 1 in Throwing
  1736 | D:4      | Reached skill level 4 in Unarmed Combat
  1736 | D:4      | Reached XP level 4. HP: 45/45 MP: 3/3
  1736 | D:4      | Reached XP level 5. HP: 53/53 MP: 4/4
  1779 | D:4      | Reached XP level 6. HP: 53/61 MP: 5/5
  2659 | D:5      | Entered Level 5 of the Dungeon
  2737 | D:5      | Reached XP level 7. HP: 63/70 MP: 6/6
  2812 | D:5      | Reached skill level 5 in Unarmed Combat
  3049 | D:5      | Reached *** piety under Trog
  3255 | D:5      | Identified the +1 scale mail "Kimmocef" {rF- Regen+ Slay+5}
  3353 | D:5      | Found a staircase to the Ecumenical Temple.
  3456 | D:5      | Reached XP level 8. HP: 78/79 MP: 7/7
  3540 | D:6      | Reached skill level 5 in Dodging
  3559 | D:6      | Found a hazy altar of Hepliaklqana.
  3908 | D:6      | Found a transporter.
  3911 | D:6      | Noticed a kobold demonologist
  3915 | D:6      | Noticed Maggie
  3926 | D:6      | Killed Maggie
  3927 | D:6      | Reached skill level 5 in Fighting
  3927 | D:6      | Reached skill level 6 in Unarmed Combat
  4043 | D:6      | Noticed a kobold demonologist
  4058 | D:6      | Found a transporter.
  4419 | D:6      | Reached XP level 9. HP: 73/89 MP: 8/8
  4744 | D:7      | Reached skill level 7 in Unarmed Combat
  4775 | D:7      | Reached **** piety under Trog
  4821 | D:7      | Found Vyf Sung's Weapon Boutique.
  5091 | D:7      | Found a hide-covered altar of Uskayaw.
  5335 | D:7      | Found a snail-covered altar of Cheibriados.
  5431 | D:7      | Found a runed translucent door.
  5432 | D:7      | Noticed Crazy Yiuf
  5440 | D:7      | Killed Crazy Yiuf
  5846 | D:8      | Noticed Prince Ribbit
  5877 | D:8      | Killed Prince Ribbit
  5908 | D:8      | Reached skill level 8 in Unarmed Combat
  5919 | D:8      | Reached XP level 10. HP: 58/100 MP: 9/9
  6070 | D:8      | Paralysed by a hornet for 2 turns
  6081 | D:8      | Paralysed by a hornet for 2 turns
  6082 | D:8      | Slain by a hornet

Illustrated notes

Levels and vault maps discovered:
D:1:      grunt_arrival_lava_bath, layout_rooms, nicolae_nh_oracle_at_delphi
D:2:      layout_rooms, basic_altar, kennysheep_generic_room_14
D:3:      layout_basic, mainiacjoe_overflow_alcove_1,
          mainiacjoe_overflow_small_starburst, chequers_decorated_corner,
          minmay_misc_feat_four_crosses
D:4:      layout_loops_corners, uniq_grinder
D:5:      layout_loops_ring, minmay_temple_entry_enclosed_plants,
          corexii_checkpoint_a, nrook_mini_backslash
D:6:      gammafunk_wand_slinger, layout_gridville,
          lemuel_coloured_pillars_altar, roderic_lattice_a,
          palyth_stone_intersect, uniq_maggie
D:7:      layout_basic, kennysheep_slug_shrine, amcnicky_altar_gilded,
          serial_shops, nicolae_shop_bloodbath_and_beyond, hex_large,
          uniq_crazy_yiuf_cottage
D:8:      layout_layer_cave, chequers_serial_rivers_micro_a,
          minmay_crystal_room, uniq_prince_ribbit1

Skill      XL: |  1  2  3  4  5  6  7  8  9 |
---------------+----------------------------+-----
Dodging        | 3 4 5 7 |  7.1
Fighting       | 3 4 5 6 |  6.9
Throwing       | 1 2 3 4 |  4.7
Unarmed Combat | 4 5 6 8 |  8.3

Action                     |  1- 3 |  4- 6 |  7- 9 | 10-12 || total
---------------------------+-------+-------+-------+-------++-------
  Melee: Unarmed           |    96 |    74 |   251 |    15 ||   436
         Punch             |     1 |     2 |     1 |       ||     4
 Invoke: Berserk           |     1 |       |     3 |       ||     4
    Use: Scroll            |     8 |     1 |    10 |       ||    19
         Potion            |       |       |       |     1 ||     1
   Stab: Sleeping          |     1 |     3 |     3 |       ||     7
         Distracted        |       |       |     2 |       ||     2
 Armour: Animal skin       |    42 |    14 |    17 |       ||    73
         Steam dragon scal |       |       |    27 |     3 ||    30
  Dodge: Dodged            |    52 |    33 |   171 |    11 ||   267

Table legend: (Time is in decaauts)
 A = Elapsed time spent in this place.
 B = Non-inter-level travel time spent in this place.
 C = Inter-level travel time spent in this place.
 D = Time resting spent in this place.
 E = Time spent auto-exploring this place.
 F = Levels seen in this place.
 G = Mean time per level.
                   A        B        C        D        E       F      G
               +--------+--------+--------+--------+--------+-----+--------+
         Total |   6085 |   5589 |    496 |    163 |   4434 |   8 |  760.6 |
       Dungeon |   6085 |   5589 |    496 |    163 |   4434 |   8 |  760.6 |
               +--------+--------+--------+--------+--------+-----+--------+

Top non-repeatable levels by time:
     D:6: 1092 daAuts
     D:4: 1081 daAuts
     D:7: 888 daAuts
     D:5: 834 daAuts
     D:3: 804 daAuts
     D:2: 531 daAuts
     D:8: 487 daAuts
     D:1: 363 daAuts
